 Dungeon Crawl Stone Soup version 0.28.0-53-g5a82cb258f (webtiles) character file.

Game seed: 8201497918688452804

60 cbfl8 the Skirmisher (level 3, 0/34 HPs)
             Began as a Minotaur Berserker on July 15, 2022.
             Was a Believer of Trog.
             Slain by a goblin
             ... wielding a +2 falchion of distortion
             ... led by Robin
              (22 damage)
             ... on level 3 of the Dungeon.
             The game lasted 00:02:00 (1736 turns).

cbfl8 the Skirmisher (Minotaur Berserker)           Turns: 1736, Time: 00:02:01

Health: 0/34       AC:  7    Str: 21    XL:     3   Next: 82%
Magic:  2/2        EV:  8    Int:  4    God:    Trog [**....]
Gold:   110        SH:  6    Dex: 11    Spells: 2/2 levels left

rFire   x . .      SeeInvis .   a - +0 hand axe
rCold   + . .      Faith    .   h - +0 kite shield
rNeg    . . .      Spirit   .   e - +0 scale mail
rPois   .          Reflect  .   (helmet restricted)
rElec   .          Harm     .   (no cloak)
rCorr   .          Rampage  .   (no gloves)
Will    .....                   g - +0 pair of boots
Stlth   ..........              (no amulet)
HPRegen 0.11/turn               f - ring of ice
MPRegen 0.08/turn               (no ring)

@: no status effects
A: horns 2, retaliatory headbutt
a: Renounce Religion, Berserk, Trog's Hand


You were on level 3 of the Dungeon.
You worshipped Trog.
Trog was pleased with you.
You visited 1 branch of the dungeon, and saw 3 of its levels.

You collected 110 gold pieces.

Inventory:

Hand Weapons
 a - a +0 hand axe (weapon)
Armour
 b - a +0 animal skin
 e - a +0 scale mail (worn)
 g - a +0 pair of boots (worn)
 h - a +0 kite shield (worn)
Jewellery
 f - a ring of ice (left hand)
Scrolls
 d - 2 scrolls of identify {unknown}
 j - a scroll of torment {unknown}
 k - a scroll of fear {unknown}
 l - a scroll of enchant weapon {unknown}
 m - a scroll of noise {unknown}
 n - a scroll of vulnerability {unknown}
Potions
 c - 2 potions of heal wounds {unknown}
 i - a potion of curing {unknown}


   Skills:
 * Level 4.4 Fighting
 + Level 4.4 Axes
 + Level 3.0 Armour
 + Level 2.3 Dodging
 * Level 0.9 Stealth


You had 2 spell levels left.
You didn't know any spells.
Your spell library was empty.

Dungeon Overview and Level Annotations

Branches:
Dungeon (3/15)

Altars:

Shops:
D:1 (*?   D:2 (

Annotations:
D:3 Robin


Innate Abilities, Weirdness & Mutations

You have a pair of horns on your head.
You reflexively headbutt those who attack you in melee.


Message History

The goblin hits you with a +0 dagger. The goblin barely misses you.
You hear a shout!
You barely miss the goblin.
The goblin is severely wounded.
You hit the goblin. x2
You kill the goblin!
Trog accepts your kill. The goblin closely misses you.
The goblin hits you but does no damage. Robin throws the goblin at you!
You hit the goblin.
You kill the goblin!
Trog accepts your kill.
You hit the goblin. You barely miss Robin. You hit the goblin.
You kill the goblin!
Trog accepts your kill.
A goblin comes into view.
It is wielding a +2 falchion of distortion.
The goblin hits you but does no damage. Robin throws the goblin at you!
You block the goblin's attack.
You barely miss the goblin.
The goblin is heavily wounded.
You closely miss the goblin. You hit Robin. You block the goblin's attack.
The goblin hits you with a +2 falchion of distortion.
You blink.
Found 17 stones, a club and a blackened pearl ring.
Found a stone staircase leading down.
Unknown command.
The goblin hits you but does no damage.
Unknown command.
You hit the goblin.
You kill the goblin!
Trog accepts your kill.
You hit Robin. You block Robin's attack.
Unknown command.
You hit Robin but do no damage. You headbutt Robin.
Robin is almost dead.
You block Robin's attack.
The goblin hits you with a +2 falchion of distortion.
Space warps horribly around you!!
Ouch! That really hurt!
You die...

...........#..
...........#.#######
...........#.......#
##.........#.......#
...........#.......#
.....#######.......#
.....# #)).....####.##
.....#######.)............
...........))#.g@.......#
##############)g....(..>.=
#.........###
#...........#
#........##.# #........# #
#........# ##########


You could see Robin and a goblin (strong).

Vanquished Creatures
  A worm (D:3)
  A dart slug (D:1)
  6 endoplasms
  3 giant cockroaches
  13 goblins
  6 hobgoblins
  3 quokkas
  A ball python (D:1)
  4 bats
  2 kobolds
  8 rats
48 creatures vanquished.

Notes
Turn   | Place    | Note
-------+----------+-------------------------------------------
     0 | D:1      | cbfl8 the Minotaur Berserker began the quest for the Orb.
     0 | D:1      | Reached XP level 1. HP: 19/19 MP: 0/0
   164 | D:1      | Found Xygoa's General Store.
   188 | D:1      | Found Ligirup's Antique Weapon Shop.
   196 | D:1      | Reached XP level 2. HP: 26/27 MP: 1/1
   314 | D:1      | Found Leoph's Magic Scroll Emporium.
   355 | D:1      | Found a faded altar of an unknown god.
  1094 | D:2      | Found Jeriesyjan's Antique Weapon Emporium.
  1098 | D:2      | Reached XP level 3. HP: 34/34 MP: 2/2
  1310 | D:2      | Reached ** piety under Trog
  1728 | D:3      | Noticed Robin
  1736 | D:3      | Slain by a goblin

Illustrated notes

Levels and vault maps discovered:
D:1:      eino_arrival_water_star, layout_basic, serial_shops,
          nicolae_shop_waterfront, shop, nicolae_shop_waterfront,
          hellmonk_ecumenical_altar_heavens_door, minmay_tetromino_s2
D:2:      layout_basic, serial_shops, nicolae_shop_trees
D:3:      layout_basic, uniq_robin

Skill      XL: |  1  2  3 |
---------------+----------+-----
Fighting       | 4 |  4.4
Axes           | 4 |  4.4
Armour         | 3 |  3.0
Dodging        | |  2.3
Stealth        | |  0.9

Action                   || total
-------------------------++-------
Melee: Hand axe          ||    80
       Headbutt          ||    15
Armor: Scale mail        ||    35
       Animal skin       ||     2
Dodge: Dodged            ||    42
Block: Kite shield       ||    24
